 Dungeon Crawl Stone Soup version 0.28.0-43-g3370ac3207 (webtiles) character file.

Game seed: 1802768565037956812

256 pkoi the Conjurer (level 6, -11/36 HPs)
             Began as an Octopode Conjurer on Mar 17, 2022.
             Was an Initiate of Vehumet.
             Shot with an arrow by a centaur (13 damage)
             ... on level 5 of the Dungeon.
             The game lasted 00:06:45 (5498 turns).

pkoi the Conjurer (Octopode Conjurer)               Turns: 5498, Time: 00:06:46

Health: -11/36     AC:  1    Str:  6    XL:     6   Next: 16%
Magic:  7/10       EV: 13    Int: 23    God:    Vehumet [......]
Gold:   173        SH:  0    Dex: 10    Spells: 3/10 levels left

rFire   . . .      SeeInvis .   d - +3 dagger (venom)
rCold   . . .      Faith    .   (no shield)
rNeg    . . .      Spirit   .   (helmet restricted)
rPois   .          Reflect  .   (no amulet)
rElec   .          Harm     .   (no ring)
rCorr   .          Rampage  .   (no ring)
Will    .....                   (no ring)
Stlth   +++.......              (no ring)
HPRegen 0.12/turn               (no ring)
MPRegen 0.12/turn               (no ring)
                                (no ring)
                                (no ring)

@: no status effects
A: almost no armour, amphibious, 8 rings, camouflage 1, gelatinous body 1,
(nimble swimmer 1), tentacles
a: Renounce Religion


You were on level 5 of the Dungeon.
You worshipped Vehumet.
Vehumet was noncommittal.
You visited 1 branch of the dungeon, and saw 5 of its levels.

You collected 173 gold pieces.

Inventory:

Hand Weapons
 a - a +0 dagger
 d - a +3 dagger of venom (weapon)
Missiles
 h - 4 poisoned darts
Jewellery
 j - a ring of ice
Scrolls
 c - 2 scrolls of identify
 i - a scroll of blinking
Potions
 b - 2 potions of haste
 e - a potion of brilliance {unknown}
 f - a potion of mutation {unknown}
 g - a potion of magic
 k - a potion of lignification {unknown}
 l - a potion of might {unknown}
 m - a potion of curing {unknown}


   Skills:
 - Level 2.0 Dodging
 - Level 2.6 Stealth
 + Level 2.8 Spellcasting
 + Level 6.4 Conjurations
 + Level 1.9 Translocations


You had 3 spell levels left.
You knew the following spells:

 Your Spells              Type           Power      Damage    Failure   Level
a - Magic Dart            Conj           100%       1d8       1%          1
b - Searing Ray           Conj           66%        2d6       1%          2
c - Iskenderun's Mystic   Conj/Tloc      22%        2d6       21%         4

Your spell library contained the following spells:

 Spells                   Type           Power      Damage    Failure   Level
 Dazzling Flash           Conj/Hex       36%        N/A       10%         3
 Freeze                   Ice            12%        1d4       12%         1
 Frozen Ramparts          Ice            6%         1d2       34%         3
 Tukima's Dance           Hex            3%         N/A       34%         3
 Fulminant Prism          Conj/Hex       9%         3d7       30%         4
 Hailstorm                Conj/Ice       18%        3d6       30%         4
 Passage of Golubria      Tloc           12%        N/A       45%         4
 Yara's Violent Unravell  Hex/Tmut       1%         3d3       97%         5


Dungeon Overview and Level Annotations

Branches:
Dungeon (5/15)
 Temple: D:4-7

Altars:
Dithmenos
Vehumet
The Shining One

Annotations:
D:4 exclusion: ogre


Innate Abilities, Weirdness & Mutations

You cannot wear most types of armour.
You are amphibious.
You can wear up to eight rings at the same time.
Your skin changes colour to match your surroundings (Stealth+).
Your rubbery body absorbs attacks. (AC +1, EV +1)
((You are camouflaged when in or above water. (Stealth+)))
You have tentacles for arms and can constrict up to eight enemies at once.


Message History

Confirm with . or Enter, or press ? or * to list all spells.
Okay, then.
Unknown command.
Okay, then.
Unknown command.
You see here an iguana corpse.
An adder comes into view.
An adder is nearby!
The magic dart hits the adder.
The adder is heavily wounded.
The adder hisses angrily.
A centaur comes into view.
The centaur moves out of view.
The magic dart hits the adder.
The adder is severely wounded.
The magic dart hits the adder.
You kill the adder!
Vehumet accepts your kill.
The magic dart hits the centaur.
The centaur is lightly wounded.
The centaur shouts!
You hear an angry hiss.
You hear a bark!
The centaur wields a +0 shortbow.
The centaur shoots an arrow.
The arrow barely misses you.
The magic dart hits the centaur but does no damage.
The centaur is lightly wounded.
The centaur shoots an arrow.
The arrow hits you!
* * * LOW HITPOINT WARNING * * *
A scorpion comes into view.
Unknown command.
The centaur shoots an arrow.
The arrow hits you!
* * * LOW HITPOINT WARNING * * *
The centaur shoots an arrow.
The arrow closely misses you.
The centaur shoots an arrow.
The arrow hits you!
* * * LOW HITPOINT WARNING * * *
The centaur shoots an arrow.
The arrow closely misses you.
The centaur shoots an arrow.
The arrow hits you!
* * * LOW HITPOINT WARNING * * *
The centaur shoots an arrow.
The arrow closely misses you.
The centaur shoots an arrow.
The arrow hits you!
You die...

###.####.# #
.........#########.#
#..###.c...c......###
.§###.####.#####.†.......
§§.c.......# #.########
≈≈.##.###### #.# # #.#
#.# #@# #.# #.# #.#
#########.#
########.........#
.....<...#########
##########


You could see a centaur.

Vanquished Creatures
  A scorpion (D:5)
  Jessica (D:2)
  An iguana (D:5)
  2 hound skeletons (D:4)
  5 adders
  An ufetubus (D:4)
  2 worms
  2 dart slugs
  5 orcs
  8 endoplasms
  2 giant cockroaches
  4 goblins
  5 hobgoblins
  3 quokkas
  2 ball pythons
  5 bats
  6 frilled lizards
  3 kobolds
  2 rats (D:3)
60 creatures vanquished.

Vanquished Creatures (others)
  4 plants (D:2)
4 creatures vanquished.

Grand Total: 64 creatures vanquished

Notes
Turn   | Place    | Note
-------+----------+-------------------------------------------
     0 | D:1      | pkoi the Octopode Conjurer began the quest for the Orb.
     0 | D:1      | Reached XP level 1. HP: 11/11 MP: 3/3
   585 | D:1      | Reached XP level 2. HP: 17/17 MP: 1/5
  1931 | D:2      | Reached XP level 3. HP: 21/21 MP: 1/6
  2086 | D:2      | Reached skill level 5 in Conjurations
  2480 | D:2      | Learned a level 2 spell: Searing Ray
  3270 | D:2      | Found a faded altar of an unknown god.
  3302 | D:2      | Reached XP level 4. HP: 27/27 MP: 4/7
  3340 | D:2      | Noticed Jessica
  3342 | D:2      | Killed Jessica
  3780 | D:3      | Reached skill level 6 in Conjurations
  3890 | D:3      | Learned a level 4 spell: Iskenderun's Mystic Blast
  4484 | D:4      | Found a shadowy altar of Dithmenos.
  4507 | D:4      | Found a glowing golden altar of the Shining One.
  4507 | D:4      | Found a radiant altar of Vehumet.
  4560 | D:4      | Reached XP level 5. HP: 31/31 MP: 3/8
  4664 | D:4      | Noticed an ogre
  4786 | D:4      | Noticed an ogre
  5032 | D:4      | Reached skill level 1 in Translocations
  5256 | D:4      | Became a worshipper of Vehumet
  5278 | D:5      | Entered Level 5 of the Dungeon
  5387 | D:5      | Reached XP level 6. HP: 26/36 MP: 3/10
  5498 | D:5      | Shot with an arrow by a centaur

Illustrated notes

Levels and vault maps discovered:
D:1:      minmay_arrival_split_and_join, layout_loops_ring
D:2:      cheibrodos_pilgrimage, layout_loops_ring,
          chequers_ecumenical_altar_lobes, kennysheep_jessica_study
D:3:      layout_loops_ring, kennysheep_generic_room_12
D:4:      layout_loops_cross, nicolae_dithmenos_through_a_glass_darkly,
          gammafunk_temple_overflow_elements
D:5:      layout_loops_ring, chequers_serial_rivers_small_a,
          amcnicky_mini_pool_medium

Skill      XL: |  1  2  3  4  5 |
---------------+----------------+-----
Conjurations   | 5 6 |  6.4
Translocations | 1 |  1.9
Dodging        | |  2.0
Stealth        | |  2.6
Spellcasting   | |  2.8

Action                   |  1- 3 |  4- 6 || total
-------------------------+-------+-------++-------
Melee: Dagger            |    15 |     1 ||    16
       Constrict         |     3 |     1 ||     4
       Punch             |     1 |       ||     1
       Tentacles         |     1 |     1 ||     2
 Cast: Magic Dart        |    53 |    59 ||   112
       Searing Ray       |     2 |     3 ||     5
  Use: Scroll            |     7 |     3 ||    10
Dodge: Dodged            |    15 |     8 ||    23
